 Dungeon Crawl Stone Soup version 0.32-a0-768-g0f6f1dd4b9 (webtiles) character file.

Game seed: 12164272393314847962

63 Griffin23 the Trooper (level 3, -7/34 HPs)
             Began as a Minotaur Fighter on Mar 18, 2024.
             Was a Believer of Dithmenos.
             Killed from afar by sychorax's ghost (14 damage)
             ... with a blast of sand
             ... on level 3 of the Dungeon.
             The game lasted 00:02:53 (2047 turns).

Griffin23 the Trooper (Minotaur Fighter)            Turns: 2047, Time: 00:02:54

Health: -7/34      AC:  7    Str: 22    XL:     3   Next: 89%
Magic:  2/2        EV:  8    Int:  5    God:    Dithmenos [**....]
Gold:   190        SH:  4    Dex:  9    Spells: 2/2 levels left

rFire   + . .        a - +0 long sword
rCold   x . .        c - +0 buckler
rNeg    . . .        b - +0 scale mail
rPois   .            (helmet restricted)
rElec   .            (no cloak)
rCorr   .            (no gloves)
SInv    .            (no boots)
Will    .....        j - amulet of faith Stlth
                     p - ring of fire
HPRegen 0.25/turn    (no ring)
MPRegen 0.08/turn

%: faith
@: mighty, about to teleport, wreathed by umbra
A: horns 2, retaliatory headbutt
a: Renounce Religion, Shadow Step


You were on level 3 of the Dungeon.
You worshipped Dithmenos.
Dithmenos was pleased with you.
You visited 1 branch of the dungeon, and saw 3 of its levels.

You collected 190 gold pieces.

Inventory:

Hand Weapons
 a - a +0 long sword (weapon)
Armour
 b - a +0 scale mail (worn)
 c - a +0 buckler (worn)
Jewellery
 j - an amulet of faith (around neck)
 p - a ring of fire (left hand)
Scrolls
 e - a scroll of identify
 g - a scroll of butterflies
 h - 3 scrolls of enchant armour
 i - a scroll of immolation {unknown}
 k - 2 scrolls of vulnerability
 q - a scroll of revelation {unknown}
Potions
 d - a potion of might
 f - a potion of attraction {unknown}
 l - 2 potions of ambrosia {unknown}
 m - a potion of degeneration {unknown}
 o - 2 potions of heal wounds {unknown}
 r - a potion of cancellation {unknown}
 s - a potion of mutation {unknown}
 t - a potion of resistance {unknown}
 u - a potion of brilliance {unknown}
 v - a potion of haste {unknown}


   Skills:
 + Level 4.3 Fighting
 + Level 3.2 Long Blades
 + Level 4.3 Armour
 + Level 4.2 Shields


You had 2 spell levels left.
You didn't know any spells.
Your spell library contained the following spells:

 Spells                   Type           Power      Damage    Failure   Level
 Anguish                  Hex/Necr       0%         N/A       100%        4
 Cause Fear               Hex            0%         N/A       100%        4
 Enfeeble                 Hex            0%         N/A       100%        7


Dungeon Overview and Level Annotations

Branches:
Dungeon (3/15)

Altars:
Dithmenos
Ru
Uskayaw
Yredelemnul

Shops:
D:1 *

Annotations:
D:3 1 transporter, sychorax's ghost, amateur OpEE


Innate Abilities, Weirdness & Mutations

You have a pair of horns on your head.
You reflexively headbutt those who attack you in melee.


Message History

The hobgoblin hits you but does no damage.
You escape the ball python's grasp.
Sychorax's ghost stares at you and mumbles some strange words.
The blast of sand hits you. The hobgoblin closely misses you.
You furiously retaliate!
You headbutt the hobgoblin.
You see here 3 gold pieces.
You now have 190 gold pieces (gained 3).
The ball python bites you. The ball python barely misses you.
The hobgoblin hits you but does no damage.
Sychorax's ghost stares at you and mumbles some strange words.
The blast of sand hits you.
The ball python attacks as it pursues you!
The ball python closely misses you. You furiously retaliate!
You headbutt the ball python!
You kill the ball python!
Dithmenos accepts your kill.
Hit: a) +0 long sword
Press: ? - help, Dir - move target, f - hobgoblin
Aim: a hobgoblin (heavily wounded, umbra, about 44% to evade your +0 long sword)
Okay, then.
You slash the hobgoblin!
You kill the hobgoblin!
Dithmenos accepts your kill. Sychorax's ghost completely misses you.
You completely miss sychorax's ghost. Sychorax's ghost barely misses you.
You miss sychorax's ghost. Your headbutt misses sychorax's ghost.
Sychorax's ghost stares at you and mumbles some strange words.
The blast of sand hits you.
You miss sychorax's ghost. Sychorax's ghost casts a spell at you.
The blast of sand hits you!
* * * LOW HITPOINT WARNING * * *
Okay, then.
As you read the scroll of teleportation, it crumbles to dust.
You feel strangely unstable.
Sychorax's ghost hits you but does no damage.
You miss sychorax's ghost.
Sychorax's ghost stares at you and mumbles some strange words.
The blast of sand hits you!
You die...

########## ##........#######
##.....).........##
#.........©.....).# #
#.#...#########...# ##
#.#..##ß@†...ß##..# .#
#####.#..#©..W.....#..#
.####........#.##...##.#..##
...##........#.##...##.#...#
...#.........#....©....#...#
.....##.###..#.##...##.#...#
........<....#.##...##.#...#
...####.###..#.........#...#
##..###.# #..##ß.....ß##...#


You could see sychorax's ghost.

Vanquished Creatures
  An adder (D:2)
  2 dart slugs
  2 ribbon worms (D:2)
  6 ball pythons
  5 endoplasms
  2 giant cockroaches (D:1)
  7 goblins
  6 hobgoblins
  A quokka (D:2)
  5 bats
  A frilled lizard (D:1)
  3 kobolds
  3 rats
44 creatures vanquished.

Notes
Turn   | Place    | Note
-------+----------+-------------------------------------------
     0 | D:1      | Griffin23 the Minotaur Fighter began the quest for the Orb.
     0 | D:1      | Reached XP level 1. HP: 19/19 MP: 0/0
    73 | D:1      | Found a faded altar of an unknown god.
   138 | D:1      | Reached XP level 2. HP: 27/27 MP: 1/1
   181 | D:1      | Found Tyfoereo's Assorted Antiques.
   188 | D:1      | Prayed at the altar of an unknown god.
   188 | D:1      | Became a worshipper of Dithmenos the Shadowed
   188 | D:1      | Reached * piety under Dithmenos
   687 | D:2      | Reached XP level 3. HP: 29/33 MP: 2/2
   792 | D:2      | Identified the +6 whip of Verdant True Grit {drain, Dex+4}
   967 | D:2      | Reached ** piety under Dithmenos
  1094 | D:2      | Identified the +3 dagger of Soad {spect, Int+3 Dex+2
                  | Stlth+}
  1517 | D:3      | Found a transporter.
  1545 | D:3      | Noticed sychorax's ghost (amateur OpEE)
  1546 | D:3      | Found a transporter.
  1618 | D:3      | Identified the +0 robe "Meiroukh" {rPois Int+3 Dex+3}
  1665 | D:3      | Found a sacrificial altar of Ru.
  1714 | D:3      | Found a basalt altar of Yredelemnul.
  1853 | D:3      | Found a hide-covered altar of Uskayaw.
  2047 | D:3      | Killed from afar by sychorax's ghost

Illustrated notes

Levels and vault maps discovered:
D:1:      minmay_arrival_radiant_lines, layout_basic, basic_ecumenical_altar,
          serial_shops, nicolae_shop_trees, amcnicky_mini_pool_small
D:2:      layout_loops_corners
D:3:      layout_rooms, mainiacjoe_overflow_six_doors_small,
          nicolae_uskayaw_dance_hall, lemuel_coloured_pillars_altar,
          gammafunk_ghost_arena

Skill      XL: |  1  2 |
---------------+-------+-----
Fighting       | 4 |  4.3
Armour         | 4 |  4.3
Shields        | 4 |  4.2
Long Blades    | 3 |  3.2

Action                     || total
---------------------------++-------
  Melee: Long sword        ||    90
         Headbutt          ||    16
    Use: Scroll            ||     5
         Potion            ||     1
 Armour: Scale mail        ||    56
  Dodge: Dodged            ||    63
  Block: Buckler           ||    22

Table legend: (Time is in decaauts)
 A = Elapsed time spent in this place.
 B = Non-inter-level travel time spent in this place.
 C = Inter-level travel time spent in this place.
 D = Time resting spent in this place.
 E = Time spent auto-exploring this place.
 F = Levels seen in this place.
 G = Mean time per level.
                   A        B        C        D        E       F      G
               +--------+--------+--------+--------+--------+-----+--------+
         Total |   2071 |   1981 |     90 |      0 |   1656 |   3 |  690.3 |
       Dungeon |   2071 |   1981 |     90 |      0 |   1656 |   3 |  690.3 |
               +--------+--------+--------+--------+--------+-----+--------+

Top non-repeatable levels by time:
     D:2: 849 daAuts
     D:1: 686 daAuts
     D:3: 535 daAuts
